 Dungeon Crawl Stone Soup version 0.28-a0-265-g048bc9fd10 (webtiles) character file.

Game seed: 9338586617750041088

83 theanonym the Sneak (level 4, -2/35 HPs)
             Began as a Mummy Delver on Aug 27, 2021.
             Killed from afar by a white imp (4 damage)
             ... with a puff of frost
             ... summoned by Natasha
             ... on level 3 of the Dungeon.
             The game lasted 00:04:52 (3698 turns).

theanonym the Sneak (Mummy Delver)                  Turns: 3698, Time: 00:04:52

Health: -2/35      AC: 11    Str: 16    XL:     4   Next: 22%
Magic:  4/4        EV:  5    Int:  9    God:
Gold:   159        SH:  0    Dex: 13    Spells: 3/3 levels left

rFire   x . .      SeeInvis .   a - +0 spear
rCold   + . .      Faith    .   (no shield)
rNeg    + + +      Spirit   .   k - +0 plate armour
rPois   ∞          Reflect  .   (no helmet)
rElec   .          Harm     .   i - +0 cloak
rCorr   .          Rampage  .   (no gloves)
Will    .....                   (no boots)
Stlth   ..........              (no amulet)
HPRegen 0.11/turn               (no ring)
MPRegen 0.09/turn               (no ring)

@: no status effects
A: cold resistance 1, negative energy resistance 3, torment resistance 2, heat
vulnerability 1, no potions
a: no special abilities


Innate Abilities, Weirdness & Mutations

You are immune to poison.
Your flesh is cold resistant. (rC+)
You are immune to negative energy. (rN+++)
You are immune to unholy pain and torment.
You are vulnerable to heat. (rF-)
You do not drink.


   Skills:
 + Level 3.5 Fighting
 * Level 2.9 Polearms
 + Level 1.3 Armour
 - Level 1.5 Dodging
 - Level 4.1 Stealth


You had 3 spell levels left.
You didn't know any spells.
Your spell library contained the following spells:

 Spells                   Type           Power      Damage    Failure   Level
 Animate Skeleton         Necr           0%         N/A       100%        1
 Pain                     Necr           0%         1d4       100%        1
 Stone Arrow              Conj/Erth      0%         3d7       100%        3
 Vampiric Draining        Necr           0%         2d6       100%        3
 Bolt of Magma            Conj/Fire/Erth 0%         4d4       100%        5
 Shatter                  Erth           0%         3d5*      100%        9

Skill      XL: |  1  2  3 |
---------------+----------+-----
Polearms       | 2 |  2.9
Armour         | 1 |  1.3
Fighting       | |  3.5
Dodging        | |  1.5
Stealth        | |  4.1

Action                   |  1- 3 |  4- 6 || total
-------------------------+-------+-------++-------
Melee: Spear             |   199 |    52 ||   251
 Stab: Sleeping          |    11 |       ||    11
Armor: Leather armour    |    36 |       ||    36
       Plate armour      |    22 |    36 ||    58
       Chain mail        |     5 |       ||     5
Dodge: Dodged            |    88 |    14 ||   102

Inventory:

Hand Weapons
 a - a +0 spear (weapon)
Armour
 b - a +0 leather armour
 i - a +0 cloak (worn)
 j - a +0 chain mail
 k - a +0 plate armour (worn)
Wands
 c - a wand of digging (3)
Scrolls
 d - a scroll of noise {unknown}
 e - a scroll of fear
 f - a scroll of fog
 g - a scroll of identify {unknown}
 h - a scroll of teleportation {unknown}
 l - a scroll of enchant armour {unknown}
 y - a scroll of magic mapping


You were on level 3 of the Dungeon.
You visited 1 branch of the dungeon, and saw 5 of its levels.

You collected 159 gold pieces.

Dungeon Overview and Level Annotations

Branches:
Dungeon (5/15)
 Temple: D:4-7

Altars:
Uskayaw

Annotations:
D:2 Sigmund
D:3 Natasha
D:4 Pikel

#...... #......
#...... ## ##.#.#.
#.# #..### #.# #####
##.## #
#§###...######.##
#h#.....#......## #
##@5....#.#####.###
#..5.<....# ##.#.
♣♣♣♣♣♣.#..# #..#
.......♣#..# #.##
≈≈≈≈≈≈≈.♣...## #.#
..≈§≈..≈♣....# ###.#
.§...≈§≈♣....# #...#
.≈._.≈§≈♣....# #.###
.≈§§.≈§§♣....###.####


You could see Natasha, a crimson imp (summoned) and a white imp (summoned).

Notes
Turn   | Place    | Note
-------+----------+-------------------------------------------
     0 | D:5      | theanonym the Mummy Delver began the quest for the Orb.
     0 | D:5      | Reached XP level 1. HP: 18/18 MP: 1/1
    24 | D:4      | Noticed Pikel
    24 | D:4      | Noticed a lemure
    24 | D:4      | Noticed a lemure
    24 | D:4      | Noticed a lemure
    61 | D:5      | Noticed an ice beast
   207 | D:3      | HP: 6/18 [gnoll (6)]
   441 | D:2      | Found a faded altar of an unknown god.
   470 | D:2      | Noticed Sigmund
   646 | D:1      | Reached skill level 2 in Polearms
   646 | D:1      | Reached XP level 2. HP: 24/24 MP: 2/2
   852 | D:1      | HP: 11/24 [quokka (3)]
   858 | D:1      | HP: 11/24 [quokka (1)]
  1452 | D:1      | Reached XP level 3. HP: 26/29 MP: 3/3
  1741 | D:1      | Reached skill level 1 in Armour
  2489 | D:2      | You fall into a shaft and drop 1 floor!
  2489 | D:3      | Found a hide-covered altar of Uskayaw.
  2864 | D:3      | HP: 13/29 [gnoll (3)]
  2869 | D:3      | HP: 10/29 [gnoll (3)]
  3213 | D:3      | Reached XP level 4. HP: 28/35 MP: 4/4
  3668 | D:3      | Noticed Natasha
  3690 | D:3      | HP: 16/35 [Natasha (7)]
  3692 | D:3      | HP: 6/35 [white imp/puff of frost[Natasha] (4)]
  3697 | D:3      | HP: 4/35 [white imp[Natasha] (2)]
  3698 | D:3      | Killed from afar by a white imp

Vanquished Creatures
  2 gnolls (D:3)
  An adder (D:3)
  A dart slug (D:1)
  2 orcs
  2 endoplasms
  4 giant cockroaches (D:1)
  2 goblins
  4 hobgoblins
  3 jackals (D:1)
  5 quokkas
  3 ball pythons (D:1)
  5 bats
  A frilled lizard (D:1)
  8 kobolds
  5 rats
48 creatures vanquished.

Table legend: (Time is in decaauts)
 A = Elapsed time spent in this place.
 B = Non-inter-level travel time spent in this place.
 C = Inter-level travel time spent in this place.
 D = Time resting spent in this place.
 E = Time spent auto-exploring this place.
 F = Levels seen in this place.
 G = Mean time per level.
                   A        B        C        D        E       F      G
               +--------+--------+--------+--------+--------+-----+--------+
         Total |   3704 |   3494 |    210 |   1160 |   1605 |   5 |  740.8 |
       Dungeon |   3704 |   3494 |    210 |   1160 |   1605 |   5 |  740.8 |
               +--------+--------+--------+--------+--------+-----+--------+

Top non-repeatable levels by time:
     D:1: 1569 daAuts
     D:2: 1048 daAuts
     D:3: 957 daAuts
     D:5: 75 daAuts
     D:4: 53 daAuts
